[Event "Latvijas 2022. gada jauniešu čempionāta fināls"]
[Site "Riga, Latvia"]
[Date "2022.06.12"]
[Round "1.1"]
[White "Karasevics, Aleksandrs"]
[Black "Vingris, Mikelis"]
[Result "1/2-1/2"]
[TimeControl "3600+30"]
[WhiteElo "1427"]
[BlackElo "1781"]

1. e4 c5 2. Nc3 d6 3. f4 g6 4. Nf3 Bg7 5. Bc4 Nc6 6. O-O e6 7. Re1 Nge7 8. d3 O-O 9. Ne2 d5 10.
exd5 exd5 11. Bb3 Bg4 12. Kf2 Nf5 13. c3 Bxf3 14. Kxf3 Re8 15. g4 Nh6 16. h3 Qd7 17. Ng3 Rxe1 18.
Qxe1 Re8 19. Qf2 b6 20. Bd2 Na5 21. Kg2 Nxb3 22. axb3 f5 23. g5 Nf7 24. Qf3 a5 25. Re1 Rxe1 26.
Bxe1 Qe6 27. Bf2 Nd6 28. h4 Nb5 29. h5 Nc7 30. h6 Bf8 31. Nf1 b5 32. Nd2 Bd6 33. Qe3 Kf7 34. Kf3 Qxe3+ 35. Bxe3 Ne6 36. Nb1 d4 37. Bd2 dxc3 38. bxc3 b4 39. Be3 1/2-1/2

[Event "Latvijas 2022. gada jauniešu čempionāta fināls"]
[Site "Riga, Latvia"]
[Date "2022.06.12"]
[Round "1.2"]
[White "Jonins, Dmitrijs"]
[Black "Sokolovskis, Pavels"]
[Result "1/2-1/2"]
[TimeControl "3600+30"]
[WhiteElo "1503"]
[BlackElo "1572"]

1. e4 c5 2. Nc3 a6 3. Nf3 e6 4. Be2 Qc7 5. O-O d6 6. d4 cxd4 7. Nxd4 Nf6 8. Be3 Nbd7 9. f4 b5 10.
Bf3 Bb7 11. a3 Be7 12. Qe2 O-O 13. Rad1 Nb6 14. Bc1 Nc4 15. Kh1 Nd7 16. f5 e5 17. Nb3 Rad8 18. Nd2 Nxa3 19. Nd5 Bxd5 20.
bxa3 Bc4 21. Nxc4 Qxc4 22. Qxc4 bxc4 23. Bd2 Nc5 24. Bb4 Rc8 25. Rd5 Nb7 26. Be2 Rc6 27. Rfd1 Ra8 28. a4 a5 29.
Ba3 Rac8 30. Rb1 Nc5 31. Bxc5 Rxc5 32. Rxc5 Rxc5 33. Rb8+ Bf8 34. Rb5 1/2-1/2

[Event "Latvijas 2022. gada jauniešu čempionāta fināls"]
[Site "Riga, Latvia"]
[Date "2022.06.12"]
[Round "1.3"]
[White "Lahs, Einars"]
[Black "Bogdanovics, Kirills"]
[Result "1/2-1/2"]
[TimeControl "3600+30"]
[WhiteElo "1675"]
[BlackElo "1785"]

1. e4 c5 2. Nf3 d6 3. d4 cxd4 4. Nxd4 Nf6 5. Nc3 a6 6. Bc4 e6 7. Bb3 Nbd7 8. O-O Nc5 9. Re1 Be7 10.
f3 O-O 11. Be3 e5 12. Nf5 Nxb3 13. Nxe7+ Qxe7 14. cxb3 b5 15. Bg5 Bb7 16. Nd5 Bxd5 17. Bxf6 Qa7+ 18. Kh1 Be6 19. Bg5 Qd7 20.
Qd2 f6 21. Be3 Rab8 22. Red1 Rfd8 23. Qa5 Qb7 24. Rac1 Rd7 25. Rd2 Rc8 26. Rdc2 Rxc2 27. Rxc2 d5 28. exd5 Bxd5 29. Qc3 Kf7 1/2-1/2

[Event "Latvijas 2022. gada jauniešu čempionāta fināls"]
[Site "Riga, Latvia"]
[Date "2022.06.12"]
[Round "1.6"]
[White "Steiners, Emils"]
[Black "Merzlovs, Timurs"]
[Result "1-0"]
[TimeControl "3600+30"]
[WhiteElo "1601"]
[BlackElo "1152"]

1. e4 e5 2. Nf3 Nc6 3. d4 exd4 4. c3 dxc3 5. Nxc3 Bb4 6. Bc4 Bxc3+ 7. bxc3 Nge7 8. O-O O-O 9. Ng5 h6 10.
Nxf7 Rxf7 11. Qh5 Qe8 12. a4 Kf8 13. Bxh6 gxh6 14. Qxh6+ Kg8 15. f4 Qf8 16. Bxf7+ Kxf7 17. Qh5+ Kg8 18.
Rf3 Qf7 19. Qh6 Ng6 20. Rg3 Nce7 21. f5 1-0

[Event "Latvijas 2022. gada jauniešu čempionāta fināls"]
[Site "Riga, Latvia"]
[Date "2022.06.12"]
[Round "1.8"]
[White "Vasiljeva, Sofja"]
[Black "Zubova, Polina"]
[Result "1-0"]
[TimeControl "3600+30"]
[WhiteElo "1676"]
[BlackElo "1070"]

1. e4 e5 2. Nf3 Nc6 3. Bb5 Nd4 4. Nxd4 exd4 5. O-O a6 6. Bc4 b5 7. Bxf7+ Kxf7 8. Qh5+ g6 9. Qd5+ Ke8 10.
Qxa8 c6 11. Qa7 Qf6 12. Qb8 Ne7 13. d3 Bg7 14. Qg3 Kf7 15. Nd2 Rf8 16. Nf3 Kg8 17. Bd2 d5 18. Bb4 Re8 19. Rfe1 Bd7 20.
e5 Qf5 21. Nxd4 Qh5 22. e6 Bc8 23. Bxe7 Rxe7 24. Nxc6 Rxe6 25. Rxe6 Bxe6 26. Re1 Bd7 27. Qb8+ Kf7 28. Re7+ Kf6 29.
Qd6+ Kg5 30. Qxd5+ Bf5 31. f3 Qh4 32. g3 Qh3 33. Rxg7 1-0

[Event "Latvijas 2022. gada jauniešu čempionāta fināls"]
[Site "Riga, Latvia"]
[Date "2022.06.12"]
[Round "1.9"]
[White "Reiha, Ance"]
[Black "Zubova, Darja"]
[Result "0-1"]
[TimeControl "3600+30"]
[WhiteElo "1248"]
[BlackElo "1280"]

1. c4 e5 2. Nc3 Nc6 3. Nf3 Nf6 4. d4 exd4 5. Nxd4 Ne5 6. Qb3 Bc5 7. Nf5 O-O 8. Bg5 d5 9. e4 dxe4 10.
Rd1 Qe8 11. Bxf6 Nd3+ 12. Bxd3 exd3+ 13. Kd2 Bxf5 14. Rhe1 Qc6 15. Bh4 Qh6+ 16. Re3 Bxe3+ 17. fxe3 Qxh4 18. Rf1 Bg6 19. Nd5 c6 20.
Rf4 Qd8 21. Nc3 b6 22. h4 Re8 23. Qa4 Re6 24. Qd1 Rf6 25. Rd4 Qc7 26. h5 Rf2+ 27. Ke1 Qg3 28. Rg4 Qxe3+ 0-1

[Event "Latvijas 2022. gada jauniešu čempionāta fināls"]
[Site "Riga, Latvia"]
[Date "2022.06.13"]
[Round "2.1"]
[White "Germanovs, Georgijs"]
[Black "Paikens, Reinis"]
[Result "1-0"]
[TimeControl "3600+30"]
[WhiteElo "1750"]
[BlackElo "1534"]

1. d4 d5 2. Nf3 Bf5 3. Bf4 Nf6 4. e3 e6 5. c3 Be7 6. Bd3 Bg6 7. Ne5 Nbd7 8. Nxg6 hxg6 9. h3 Bd6 10.
Nd2 Bxf4 11. exf4 c5 12. Nf3 a6 13. O-O Qc7 14. Ne5 c4 15. Bc2 Nxe5 16. fxe5 Nd7 17. Qd2 Rh6 18. b3 Nb6 19.
a4 cxb3 20. Bxb3 Rc8 21. Rfc1 Nc4 22. Bxc4 Qxc4 23. Rab1 Rc7 24. Rb4 Qc6 25. Qb2 Kd7 26. Rb6 Qxa4 27. Rxb7 Rh8 28. Rxc7+ Kxc7 29.
Rb1 Qb5 30. Qa2 Qc4 31. Qa5+ Kc8 32. Qb6 Qc7 33. Qxa6+ 1-0

[Event "Latvijas 2022. gada jauniešu čempionāta fināls"]
[Site "Riga, Latvia"]
[Date "2022.06.13"]
[Round "2.2"]
[White "Sokolovskis, Pavels"]
[Black "Springis, Jevgenijs"]
[Result "0-1"]
[TimeControl "3600+30"]
[WhiteElo "1572"]
[BlackElo "1975"]

1. e4 c5 2. Nc3 d6 3. f4 g6 4. Nf3 Bg7 5. Bc4 e6 6. d3 Ne7 7. O-O O-O 8. Qe1 Nbc6 9. Kh1 a6 10.
a4 Rb8 11. Qh4 d5 12. Bb3 b5 13. axb5 axb5 14. f5 gxf5 15. Bh6 c4 16. Bxg7 Kxg7 17. Ba2 Ng6 18. Qxd8 Rxd8 19. exd5 exd5 20.
Bb1 Nge5 21. Nxe5 Nxe5 22. d4 Nc6 23. Ne2 Re8 24. Nf4 Nxd4 25. Ra7 Rb7 26. Ra8 Rbe7 27. c3 Nb3 28. Bc2 Nd2 29.
Rg1 Ne4 30. g3 Bb7 0-1

[Event "Latvijas 2022. gada jauniešu čempionāta fināls"]
[Site "Riga, Latvia"]
[Date "2022.06.13"]
[Round "2.3"]
[White "Bogdanovics, Kirills"]
[Black "Stinka, Gustavs"]
[Result "1-0"]
[TimeControl "3600+30"]
[WhiteElo "1785"]
[BlackElo "1086"]

1. d4 Nf6 2. c4 c5 3. d5 e6 4. Nc3 exd5 5. cxd5 d6 6. e4 g6 7. Nf3 Bg7 8. Bd3 O-O 9. O-O Na6 10.
Bg5 Nc7 11. h3 a6 12. a4 b6 13. Qd2 Re8 14. Rfe1 Rb8 15. Qe2 Bb7 16. Nh2 h6 17. Bh4 g5 18. Bg3 Ncxd5 19. Nxd5 Bxd5 20.
Qc2 Bb7 21. Rad1 Nh5 22. Nf1 Nxg3 23. Nxg3 Qf6 24. Nf5 Rbd8 25. Nxg7 Kxg7 26. Bc4 Qf4 27. Re3 Rxe4 28. Rxe4 Qxe4 29.
Qc3+ f6 30. f3 Qf4 31. Re1 Rd7 32. Qd3 d5 33. Bxa6 Bxa6 34. Qxa6 Qd4+ 35. Kh2 Qxb2 36. Qc8 Ra7 37. Re8 Qd2 38.
Rg8+ Kh7 39. Rh8+ Kg6 40. Qe8+ Kf5 41. Qc8+ Kf4 42. Re8 h5 43. Qe6 Qc3 44. g3+ Kxf3 45. Qe2# 1-0

[Event "Latvijas 2022. gada jauniešu čempionāta fināls"]
[Site "Riga, Latvia"]
[Date "2022.06.13"]
[Round "2.4"]
[White "Lele, Emili"]
[Black "Kazmerika, Anna"]
[Result "0-1"]
[TimeControl "3600+30"]
[WhiteElo "1233"]
[BlackElo "1657"]

1. e4 Nf6 2. Nc3 d5 3. exd5 Nxd5 4. Bc4 Nb6 5. Bb3 Nc6 6. Nf3 Bg4 7. h3 Bh5 8. g4 Bg6 9. d3 e6 10.
Be3 Be7 11. Qd2 Qd7 12. a4 Nd5 13. Nxd5 exd5 14. d4 Be4 15. Qe2 h5 16. O-O-O O-O-O 17. Rhg1 hxg4 18. hxg4 Na5 19. Ne5 Nxb3+ 20. cxb3 Qe6 21. Bd2 Bh7 22. Rde1 Rhe8 23. Rh1 Bg6 24. Nxg6 Qxg6 25. Qf3 Qf6 26. Qxf6 Bxf6 27. Bc3 Kd7 28.
Kc2 Rxe1 29. Rxe1 Rh8 30. f3 c6 31. Rf1 Rh4 32. Be1 Rh3 33. Bc3 Be7 34. Kd3 Bg5 35. Kc2 Bf4 36. Kd3 Rh2 37.
Rb1 Rf2 38. Rh1 Rxf3+ 39. Kc2 Rg3 40.
Bb4 Rxg4 41. Bf8 Bd6 42. Bxd6 Kxd6 43. Kc3 Rg3+ 44. Kc2 f5 45. Re1 a6 46. Re5 f4 47. Re1 g5 48. Rf1 Ke6 49.
b4 Kf5 50. Re1 Re3 51. Rf1 g4 52. Kd2 Ke4 53. a5 f3 54. Rg1 Re2+ 55. Kd1 Kf4 56. Rf1 g3 57. Re1 g2 58. Rxe2 fxe2+ 59. Kxe2 g1=Q 0-1

[Event "Latvijas 2022. gada jauniešu čempionāta fināls"]
[Site "Riga, Latvia"]
[Date "2022.06.13"]
[Round "2.5"]
[White "Andrusevics, Jegors"]
[Black "Platonovs, Nikolajs"]
[Result "0-1"]
[TimeControl "3600+30"]
[WhiteElo "1569"]
[BlackElo "1422"]

1. d4 d5 2. Nf3 Nf6 3. Bf4 c5 4. e3 Nc6 5. c3 Qb6 6. Qc2 g6 7. Na3 a6 8. Qb3 Qxb3 9. axb3 cxd4 10.
exd4 Bg4 11. Ne5 Nxe5 12. Bxe5 Bh6 13. Be2 Bxe2 14. Kxe2 O-O 15. Nc2 Nd7 16. Rad1 f6 17. Bg3 Kf7 18.
Rhe1 Rfe8 19. Kf1 Bg7 20. Ne3 e6 21. c4 dxc4 22. Nxc4 Bf8 23. Bd6 b5 24. Bxf8 bxc4 25. Ba3 cxb3 26. Re3 Rab8 27. Rdd3 Nb6 28.
Rxb3 Nd5 29. Red3 Red8 30. g3 a5 31. Rxb8 Rxb8 32. Ke2 Ke8 33. Kd2 Kd7 34. Kc2 a4 35. b3 axb3+ 36. Rxb3 Rxb3 37.
Kxb3 Kc6 38. Kc4 Nb6+ 39. Kd3 Kd5 40. f4 Nd7 41. Ke3 f5 42. Kd3 Nf6 43. Bb4 Ng4 44. h3 Nf2+ 45. Ke3 Nxh3 46.
Be7 h6 47. Bf8 g5 48. Bxh6 g4 49. Bg7 Ng1 50. Bf6 Kc4 51. Bh4 Nf3 52. Bf6 Ne1 53. Kd2 Nd3 54. Bg7 Nf2 55. Ke3 Ne4 56.
Be5 Nxg3 57. Kf2 Ne4+ 58. Ke3 Kd5 59. Ke2 Kc4 60. Ke3 Kb3 61. Bg7 Kc2 62. Bh8 Kd1 63. d5 exd5 64. Kd4 g3 65.
Kxd5 Ke2 66. Ke6 g2 67. Bd4 Nf2 0-1

[Event "Latvijas 2022. gada jauniešu čempionāta fināls"]
[Site "Riga, Latvia"]
[Date "2022.06.13"]
[Round "2.6"]
[White "Merzlovs, Timurs"]
[Black "Valdats, Reinis"]
[Result "0-1"]
[TimeControl "3600+30"]
[WhiteElo "1152"]
[BlackElo "1488"]

1. e4 c5 2. f4 Nc6 3. Nf3 d6 4. Bc4 e6 5. O-O Nf6 6. Nc3 Be7 7. b3 O-O 8. Bb2 a6 9. a4 d5 10.
exd5 exd5 11. Be2 d4 12. Nb1 Nd5 13. Ne5 Nxf4 14. Nd3 Nxe2+ 15. Qxe2 Bd6 16. Na3 Be6 17. Qh5 g6 18. Qh6 Ne7 19.
Nc4 Nf5 20. Rxf5 Bxf5 21. Nxd6 Qxd6 0-1

[Event "Latvijas 2022. gada jauniešu čempionāta fināls"]
[Site "Riga, Latvia"]
[Date "2022.06.13"]
[Round "2.7"]
[White "Kuznecova, Marija"]
[Black "Mierina, Lauma"]
[Result "1-0"]
[TimeControl "3600+30"]
[WhiteElo "1783"]
[BlackElo "1195"]

1. e4 e5 2. Nf3 Nc6 3. d4 exd4 4.
Nxd4 Nf6 5. Nxc6 bxc6 6. e5 Qe7 7. Qe2 Nd5 8. c4 Ba6 9. Nd2 g6 10. Ne4 Bg7 11. Bg5 Qb4+ 12. Qd2 Qxd2+ 13. Kxd2 Nb6 14. b3 Bxe5 15. Re1 O-O 16. Nc5 f6 17. Nxa6 Rae8 18. Be3 f5 19. f4 Bf6 20. Nxc7 Re7 21.
c5 Nd5 22. Nxd5 cxd5 23. Bd3 Rfe8 24. Bf2 a5 25. Rxe7 Rxe7 26. Re1 Rxe1 27. Kxe1 Bc3+ 28. Ke2 Bb4 29. Bb5 Kf7 30. Bxd7 Ke7 31.
Bc6 Ke6 32. Kd3 h6 33. Kd4 g5 34. fxg5 hxg5 35. Bxd5+ Kd7 36. Ke5 1-0

[Event "Latvijas 2022. gada jauniešu čempionāta fināls"]
[Site "Riga, Latvia"]
[Date "2022.06.13"]
[Round "2.11"]
[White "Skreitule, Undine"]
[Black "Maklakova, Naomi"]
[Result "0-1"]
[TimeControl "3600+30"]
[WhiteElo "1192"]
[BlackElo "1488"]

1. d4 d5 2. Nf3 Nf6 3. Bf4 Bf5 4.
e3 e6 5.
c4 Bd6 6. Bg3 c6 7. Nc3 Bg6 8. Ne5 Ne4 9. Bd3 f5 10. c5 Nxg3 11. hxg3 Bxe5 12. dxe5 Nd7 13. f4 Nxc5 14. Be2 Qb6 15.
Rb1 O-O-O 16. Qd4 Ne4 17. Nxe4 fxe4 18. a3 Kb8 19. b4 Rc8 20. Qxb6 axb6 21. a4 Rhd8 22. Rd1 c5 23. bxc5 bxc5 24.
Kf2 h6 25. a5 d4 26. Bb5 d3 27. a6 c4 28. axb7 Rc5 29. Bxc4 Rxc4 30. Rd2 Rd7 31. g4 Rxb7 32. Rhd1 h5 33. g5 Bf5 34. g3 Bg4 35. Ra1 Rcb4 36.
Raa2 Rb1 37. Kg2 Bf3+ 38. Kf2 Rh1 39. Ra1 Rxa1 40. g6 Rbb1 41. Rxd3 Rf1# 0-1

[Event "Latvijas 2022. gada jauniešu čempionāta fināls"]
[Site "Riga, Latvia"]
[Date "2022.06.13"]
[Round "3.1"]
[White "Savicevs, Arsenijs"]
[Black "Vingris, Mikelis"]
[Result "1/2-1/2"]
[TimeControl "3600+30"]
[WhiteElo "1961"]
[BlackElo "1781"]

1. Nf3 c5 2. c4 Nc6 3. b3 e5 4. Nc3 d6 5. g3 g6 6. Bg2 Bg7 7. O-O Nge7 8. Bb2 O-O 9. a3 h6 10.
Qc2 Be6 11. Rab1 Qd7 12. Rfd1 f5 13. d3 Rac8 14. Bc1 g5 15. b4 Nd4 16. Qb2 Nxf3+ 17. Bxf3 b6 18. Qb3 g4 19. Bg2 h5 20.
Qa4 Qxa4 21. Nxa4 f4 22. Be4 Nc6 23. Nc3 Nd4 24. e3 fxe3 25. fxe3 Nf3+ 26. Bxf3 Rxf3 27. Nb5 cxb4 28. axb4 d5 29.
Nxa7 Ra8 30. cxd5 Bxd5 31. Nb5 Rc8 32. Bd2 Rcf8 33. Nc3 Bb7 34. Bc1 Bh6 35. e4 Bxc1 36. Rbxc1 Rd8 37. Na4 Rfxd3 38. Rxd3 Rxd3 39. Nxb6 Bxe4 40. Re1 Rd4 41. b5 Rb4 42. Nc8 Bd3 43. Ne7+ Kg7 44. Rxe5 Rxb5 45. Rxb5 Bxb5 46. Kf2 Kf6 47. Nd5+ Kg5 48. Nf4 h4 49.
Ne6+ Kh5 50. Ke3 hxg3 51. hxg3 Bc4 52. Nc5 1/2-1/2

[Event "Latvijas 2022. gada jauniešu čempionāta fināls"]
[Site "Riga, Latvia"]
[Date "2022.06.13"]
[Round "3.2"]
[White "Adamovics, Aleksejs"]
[Black "Sokolovskis, Pavels"]
[Result "1-0"]
[TimeControl "3600+30"]
[WhiteElo "1922"]
[BlackElo "1572"]

1. d4 d5 2. c4 e6 3. Nc3 a6 4.
cxd5 exd5 5. Nf3 c6 6. Bf4 Nf6 7. e3 Bg4 8. Be2 Be7 9. O-O O-O 10. Qb3 Qc8 11. Rac1 Nbd7 12. h3 Be6 13.
Ne5 Nxe5 14. Bxe5 Ne4 15. Nxe4 dxe4 16. Bc4 Bxc4 17. Rxc4 Qd7 18. Rd1 Rac8 19. Rc2 h6 20. Rcd2 Bh4 21.
g3 Qxh3 22. gxh4 Qxh4 23. Qc4 Qg4+ 24. Bg3 h5 25. Qe2 Qxe2 26. Rxe2 Rfd8 27. Rc2 f6 28. Kf1 g5 29. Ke2 h4 30.
Bh2 Kf7 31. Rdc1 Rd5 32. Rc5 Rcd8 33. b4 Ke6 34. f3 exf3+ 35. Kxf3 f5 36. Be5 Rxc5 37. bxc5 Rd7 38. Rg1 g4+ 39.
Kf4 g3 40. Kf3 Rh7 41. Rh1 1-0

[Event "Latvijas 2022. gada jauniešu čempionāta fināls"]
[Site "Riga, Latvia"]
[Date "2022.06.13"]
[Round "3.3"]
[White "Steinbergs, Raivo"]
[Black "Bogdanovics, Kirills"]
[Result "0-1"]
[TimeControl "3600+30"]
[WhiteElo "1397"]
[BlackElo "1785"]

1. d4 d5 2. c4 c6 3. Nc3 e6 4.
Nf3 Nf6 5. Bf4 Bd6 6. Bg3 O-O 7. e3 Qe7 8. cxd5 exd5 9. Bd3 Bg4 10. Bh4 Nbd7 11. Qc2 Bh5 12. Bxh7+ Kh8 13. Bd3 Bb4 14.
Nd2 Qd6 15. a3 Bxc3 16. bxc3 Rfe8 17. O-O g6 18. Rfe1 Kg7 19. e4 dxe4 20. Bxf6+ Nxf6 21. Nxe4 Nxe4 22. Rxe4 Rxe4 23. Bxe4 Bg4 24.
h3 Be6 25. Rb1 b5 26. Rxb5 cxb5 27. Bxa8 Qxa3 28. d5 Bf5 29. Qd2 Qc5 30. d6 Bd7 31. g4 a5 32. g5 a4 33. Qd4+ Qxd4 34.
cxd4 Kf8 35. Be4 a3 36. Bb1 Be6 37. Kf1 b4 38. Ke2 b3 0-1

[Event "Latvijas 2022. gada jauniešu čempionāta fināls"]
[Site "Riga, Latvia"]
[Date "2022.06.13"]
[Round "3.6"]
[White "Gaidis, Edvards"]
[Black "Merzlovs, Timurs"]
[Result "1-0"]
[TimeControl "3600+30"]
[WhiteElo "1190"]
[BlackElo "1152"]

1. e4 e5 2. Nf3 Nc6 3. Bc4 Bc5 4. d3 Nf6 5. Bg5 h6 6. Bh4 g5 7. Bg3 d6 8. h3 Be6 9. Bxe6 Ke7 10.
Bb3 Qd7 11. Nc3 Rae8 12. Nd5+ Nxd5 13. Bxd5 f5 14. exf5 Qxf5 15. Bxc6 bxc6 16. O-O h5 17. Qd2 Reg8 18. d4 exd4 19.
Rae1+ Kd7 20. Nxd4 Bxd4 21. Qxd4 Rh6 22. f4 Rhg6 23. fxg5 Qxg5 24. Rf7+ Kc8 25. Qxa7 Qc5+ 26. Qxc5 dxc5 27.
Rxc7+ Kd8 28. Rd1+ Ke8 29. Rc8+ Ke7 30. Rxg8 Rxg8 31. Kh2 1-0

[Event "Latvijas 2022. gada jauniešu čempionāta fināls"]
[Site "Riga, Latvia"]
[Date "2022.06.13"]
[Round "3.7"]
[White "Maklakova, Naomi"]
[Black "Kuznecova, Marija"]
[Result "1-0"]
[TimeControl "3600+30"]
[WhiteElo "1488"]
[BlackElo "1783"]

1. d4 Nf6 2. Nf3 c5 3. d5 d6 4. c4 b5 5. Bg5 Nbd7 6. cxb5 a6 7. e3 g6 8. Nc3 Bg7 9. bxa6 Qa5 10.
Qd2 Bxa6 11. Bxa6 Qxa6 12. Qe2 Qb7 13. e4 O-O 14. O-O Rfb8 15. b3 h6 16. Bd2 g5 17. Rac1 Ne8 18. Rfd1 Nc7 19.
Ne1 Na6 20. f4 Nb4 21. a4 gxf4 22. Bxf4 Nf6 23. Kh1 Qd7 24. e5 dxe5 25. Bxe5 Rd8 26. Bxf6 Bxf6 27. Ne4 Nxd5 28. Nxc5 Qf5 29.
Qf3 Qxf3 30. Nxf3 Nc3 31. Rxd8+ Rxd8 32. a5 Ra8 33. a6 Rc8 34. Nd7 Ra8 35. Nxf6+ exf6 36. Rxc3 Rxa6 37. Kg1 Ra2 38. Nd4 Rd2 39. Nf5 Kh7 40.
Rg3 Rd7 41. b4 Rb7 42. Rb3 Rb5 43. Nd6 Rd5 44. Nc4 Rb5 45. Na3 Rb7 46. b5 Rb6 47. Nc4 1-0

[Event "Latvijas 2022. gada jauniešu čempionāta fināls"]
[Site "Riga, Latvia"]
[Date "2022.06.13"]
[Round "3.8"]
[White "Vasiljeva, Sofja"]
[Black "Jansone, Melanija Luize"]
[Result "1/2-1/2"]
[TimeControl "3600+30"]
[WhiteElo "1676"]
[BlackElo "1590"]

1. e4 c5 2. Nf3 g6 3. d4 cxd4 4. Nxd4 Bg7 5. Nc3 d6 6. Be3 Nf6 7. Be2 Nc6 8. O-O O-O 9. h3 Bd7 10.
f4 Rc8 11. g4 Qb6 12. Qd2 Nxe4 13. Nxc6 Qxc6 14. Nxe4 Qxe4 15. c3 Qa4 16. Bf3 Bc6 17. Bxc6 Rxc6 18. f5 a6 19. a3 Rd8 20.
Rae1 1/2-1/2

[Event "Latvijas 2022. gada jauniešu čempionāta fināls"]
[Site "Riga, Latvia"]
[Date "2022.06.13"]
[Round "3.9"]
[White "Spirkova, Marija"]
[Black "Ozolina, Elina"]
[Result "0-1"]
[TimeControl "3600+30"]
[WhiteElo "1487"]
[BlackElo "1057"]

1. e4 c6 2. d4 d5 3. exd5 cxd5 4.
Bd3 Nc6 5. c3 Qc7 6. Be3 Nf6 7. Nd2 Bg4 8. f3 Bh5 9. Ne2 e6 10. Bf4 Bd6 11. Bxd6 Qxd6 12. Qb3 Rb8 13. O-O-O O-O 14.
g4 Bg6 15. Bxg6 fxg6 16. h4 Rfc8 17. Kb1 b5 18. a3 a5 19. a4 bxa4 20. Qxa4 e5 21. Nb3 Rb6 22. Ka2 Rcb8 23. Nec1 exd4 24.
cxd4 Rb4 25. Qa3 Qc7 26. Rd2 Qb6 27. Rhd1 Nd7 28. g5 Nf8 29. Nc5 Nxd4 30. Rxd4 Qxc5 31. Rxb4 Rxb4 32. Nb3 Qc4 33.
Rd4 Rxb3 34. Rxc4 Rxa3+ 35. Kxa3 dxc4 36. Ka4 Nd7 37. Kxa5 Ne5 38. Kb5 Kf7 0-1

[Event "Latvijas 2022. gada jauniešu čempionāta fināls"]
[Site "Riga, Latvia"]
[Date "2022.06.13"]
[Round "3.10"]
[White "Krasilnikova, Marija"]
[Black "Plauca, Lelde"]
[Result "1-0"]
[TimeControl "3600+30"]
[WhiteElo "1300"]
[BlackElo "1005"]

1. e4 e5 2. Nf3 Nc6 3. Bb5 Nf6 4. O-O a6 5. Ba4 b5 6. Bb3 Bc5 7. Re1 O-O 8. c3 h6 9. d4 Ba7 10.
h3 d6 11. Be3 Re8 12. Nbd2 d5 13. dxe5 Nxe4 14. Bxa7 Rxa7 15. Nxe4 dxe4 16. Rxe4 Be6 17. Bxe6 Rxe6 18. Qxd8+ Nxd8 19.
Rd1 Nc6 20. Nd4 Nxd4 21. cxd4 c6 22. f4 f5 23. Re2 Rd7 24. b4 a5 25. bxa5 Ra7 26. d5 cxd5 27. Rxd5 Rxa5 28. Rd6 Kf7 29.
Rd5 Kg8 30. g4 g6 31. Rg2 Kf7 32. Rb2 Rb6 33. Rd7+ Ke6 34. Rh7 Kd5 35. Rxh6 Ke4 36. Re2+ Kf3 37. Kf1 Raa6 38. gxf5 gxf5 39.
Rxb6 Rxb6 40. e6 Rb8 41. e7 Re8 42. Re5 Kxf4 43. Rxb5 Rxe7 44. Kf2 Ra7 45. Rb4+ Kg5 46. h4+ Kh5 47.
a4 Re7 48. Kf3 Kg6 49. Kf4 Rh7 50. Rb6+ Kf7 51. Rb7+ 1-0

[Event "Latvijas 2022. gada jauniešu čempionāta fināls"]
[Site "Riga, Latvia"]
[Date "2022.06.13"]
[Round "3.11"]
[White "Pukite, Elza"]
[Black "Skreitule, Undine"]
[Result "1-0"]
[TimeControl "3600+30"]
[WhiteElo "1114"]
[BlackElo "1192"]

1. e4 e5 2. Nf3 Nc6 3. Bb5 d6 4.
Nc3 Bd7 5. O-O Nf6 6. d3 h6 7. h3 Be7 8. Be3 a6 9. Bc4 O-O 10. Qd2 b5 11. Bd5 Nh7 12. Ne2 Ng5 13. Nxg5 Bxg5 14.
Ng3 Bxe3 15. fxe3 Rb8 16. Qf2 Qe7 17. Nh5 Nd8 18. Rad1 c6 19. Bb3 Be6 20. Qg3 g6 21. Nf6+ Kg7 22.
Nh5+ Kg8 23. Nf6+ Kh8 24. Qh4 h5 25. Qg5 Kg7 26. Nxh5+ Kh7 27. Qxe7 Kg8 28. Qg5 Bxb3 29. Rf6 Ne6 30.
Rxg6+ fxg6 31. Qxg6+ Kh8 32. axb3 Rb7 33. Rf1 Rxf1+ 34. Kxf1 Ng7 35. Nxg7 Rxg7 36. Qxd6 a5 37. Qxc6 a4 38.
Qxb5 a3 39. bxa3 Rf7+ 40. Ke2 Rg7 41. Qxe5 Kg8 42. Qxg7+ Kxg7 43. a4 Kf7 44. a5 Ke6 45. a6 Kd6 46. a7 Kc7 47. a8=Q Kd7 48.
Qa6 Kc7 49. Kf3 Kd7 50. Kf4 Kc7 51. Ke5 Kd7 52. Qd6+ Ke8 53. Qc7 Kf8 54. Kf6 Ke8 55. Qe7# 1-0

[Event "Latvijas 2022. gada jauniešu čempionāta fināls"]
[Site "Riga, Latvia"]
[Date "2022.06.13"]
[Round "3.12"]
[White "Tolmaceva, Alona"]
[Black "Gailevska, Milana"]
[Result "0-1"]
[TimeControl "3600+30"]
[WhiteElo "1102"]
[BlackElo "1048"]

1. e4 e6 2. d4 d5 3. Nc3 dxe4 4.
Nxe4 Nd7 5. Nf3 Ngf6 6. Nxf6+ Nxf6 7. Be2 c5 8. O-O cxd4 9. Nxd4 Bc5 10. Nb5 Qxd1 11. Rxd1 Bb6 12. Bd2 O-O 13.
Bf3 Bd7 14. Nd6 Bc6 15. Nxb7 Bxf3 16. gxf3 Rab8 17. Nd6 Rfd8 18. Ne4 Nd5 19. Nc3 Ne7 20. Bg5 f6 21. Be3 Bxe3 22. Rxd8+ Rxd8 23.
fxe3 Rd2 24. Rc1 Nf5 25. e4 Nh4 26. Rd1 Nxf3+ 27. Kf1 Rxc2 28. Rd8+ Kf7 29. Rd7+ Kg6 30. Rxa7 Rxb2 31. a4 Nxh2+ 32. Ke1 h5 33. a5 h4 34. a6 Rb6 35. Ra8 h3 36. a7 Ra6 37. Nb5 Nf3+ 38. Kf2 h2 39. Rh8 Ne5 40. Rxh2 Ng4+ 0-1

[Event "Latvijas 2022. gada jauniešu čempionāta fināls"]
[Site "Riga, Latvia"]
[Date "2022.06.13"]
[Round "3.17"]
[White "Krakops, Martijs"]
[Black "Steiners, Emils"]
[Result "0-1"]
[TimeControl "3600+30"]
[WhiteElo "1253"]
[BlackElo "1601"]

1. d4 d5 2. Nf3 Nf6 3. Bf4 c5 4. c3 Nc6 5. Nbd2 e6 6. e3 Qb6 7. Qb3 c4 8. Qxb6 axb6 9. Be2 Be7 10.
Ne5 Nxe5 11. Bxe5 b5 12. g4 O-O 13. h4 Bd7 14. g5 Ne8 15. Bg3 Nd6 16. Bxd6 Bxd6 17. e4 b4 18. e5 Be7 19.
Nb1 b5 20. Kd2 b3 21. a3 Ra7 22. Ke3 Rfa8 23. Kd2 Kf8 24. f4 f6 25. Rf1 fxg5 26. fxg5+ Kg8 27. Rf4 Rf8 28. Ke3 Rxf4 29.
Kxf4 b4 30. cxb4 Bxb4 31. Ke3 h6 32. g6 Be7 33. h5 Bg5+ 34. Kf2 Bc1 35. Nd2 Bxd2 36. Rd1 c3 37. Rxd2 0-1

[Event "Latvijas 2022. gada jauniešu čempionāta fināls"]
[Site "Riga, Latvia"]
[Date "2022.06.13"]
[Round "3.18"]
[White "Derbenev, Arseniy"]
[Black "Jeronovics, Toms"]
[Result "1/2-1/2"]
[TimeControl "3600+30"]
[WhiteElo "1477"]
[BlackElo "1273"]

1. e4 e5 2. Nf3 Nc6 3. Bc4 Bc5 4.
d3 Nf6 5. Nc3 d6 6. Bg5 h6 7. Bxf6 Qxf6 8. Nd5 Qd8 9. c3 Bg4 10. O-O Ne7 11. b4 Bb6 12. Nxb6 axb6 13. d4 Ng6 14.
h3 Bxf3 15. Qxf3 Nf4 16. Kh2 Qh4 17. Qg3 Qxg3+ 18. fxg3 Ne6 19. dxe5 dxe5 20. Rf5 Ke7 21. Rxe5 c6 22. Rf5 Rhd8 23.
Raf1 f6 24. e5 b5 25. exf6+ gxf6 26. Bb3 Nc7 27. Rxf6 Nd5 28. Bxd5 Rxd5 29. Rf7+ Ke6 30. R1f6+ Ke5 31. Rf5+ Ke4 32.
Rxd5 Kxd5 33. Rf2 Kc4 34. Rc2 Ra3 35. g4 Rxc3 36. Rxc3+ Kxc3 37. a3 Kd4 38. Kg3 b6 39. h4 Ke4 40.
Kf2 Kf4 41. g5 hxg5 42. h5 Kf5 43. g4+ Kf6 44. Ke3 c5 45. bxc5 bxc5 46. Ke4 Ke6 47. Kd3 Kf6 48. Kc3 Ke6 49.
Kb3 Ke5 50. a4 bxa4+ 51. Kxa4 c4 52. h6 Kf6 53. Kb4 Kg6 54. Kxc4 Kxh6 55. Kd5 Kg7 56. Ke5 Kg6 57. Ke6 Kh6 58.
Kf6 Kh7 59. Kf5 Kh6 60. Kf6 Kh7 61. Kxg5 Kg7 62. Kf5 Kf7 63. g5 Kg7 64. g6 Kg8 65. Kf4 Kf8 66. Kf5 Kg8 67. Kg4 Kg7 68.
Kg5 Kg8 69. Kh6 Kh8 70. Kg5 Kg8 71. Kf4 Kg7 72. Kg5 Kg8 1/2-1/2

[Event "Latvijas 2022. gada jauniešu čempionāta fināls"]
[Site "Riga, Latvia"]
[Date "2022.06.13"]
[Round "3.19"]
[White "Paikens, Reinis"]
[Black "Karasevics, Aleksandrs"]
[Result "0-1"]
[TimeControl "3600+30"]
[WhiteElo "1534"]
[BlackElo "1427"]

1. c4 e5 2. Nc3 Nc6 3. g3 f5 4. Bg2 Nf6 5. d3 Bb4 6. Bd2 O-O 7. a3 Bxc3 8. Bxc3 d6 9. Qb3 Kh8 10.
Nf3 Qe8 11. O-O-O a5 12. Rhe1 a4 13. Qc2 Na5 14. Nd2 Ng4 15. Rf1 Nxh2 16. Rh1 Ng4 17. Rdf1 Ra7 18. Bf3 h6 19. d4 Nf6 20.
e4 fxe4 21. Bxe4 Nxe4 22. Qxe4 Bf5 23. Qe3 Kg8 24. dxe5 Nc6 25. f4 Ra8 26. Rh4 Rd8 27. g4 Bh7 28. Rfh1 dxe5 29. f5 Nd4 30.
Rh5 Qe7 31. Ne4 b6 32. Kb1 Qd7 33. Rd1 Nxf5 34. Qd2 Qxd2 35. Rxd2 Rxd2 36. gxf5 Rg2 37. Ka2 Bxf5 38. Nd2 e4 39.
Nf1 Be6 40. Ne3 Rg5 41. Rh4 Re8 42. Rxe4 b5 43. Rd4 Rc5 44. Kb1 Bxc4 45. Ng4 Bb3 0-1